 Dungeon Crawl Stone Soup version 0.21.1-1-g345015f (webtiles) character file.

15961 LairdRich the Cleaver (level 12, -8/110 HPs)
             Began as a Minotaur Berserker on June 13, 2018.
             Was a High Priest of Trog.
             Killed from afar by a rime drake (18 damage)
             ... with a flash freeze
             ... on level 1 of the Lair of Beasts.
             The game lasted 00:40:56 (11722 turns).

LairdRich the Cleaver (Minotaur Berserker)         Turns: 11722, Time: 00:40:56

Health: -8/110     AC: 15    Str: 23    XL:     12   Next: 5%
Magic:  11/11      EV: 13    Int:  4    God:    Trog [*****.]
Gold:   216        SH:  7    Dex: 14    Spells: 11/11 levels left

rFire    + . .     SeeInvis .   P - +5 broad axe (chop)
rCold    . . .     Gourm    .   n - +0 buckler
rNeg     + . .     Faith    .   o - +1 ring mail of Evolution {rElec rC+ rN+}
rPois    .         Spirit   .   G - +2 hat
rElec    +         Reflect  .   j - +2 cloak
rCorr    .         Harm     .   w - +1 pair of gloves
MR       .....                  L - +0 pair of boots
Stlth    +.........             (no amulet)
HPRegen  0.28/turn              m - ring of fire
MPRegen  0.12/turn              H - +4 ring of slaying

@: berserk cooldown, very slightly contaminated
A: retaliatory headbutt, horns 2
a: Berserk, Trog's Hand, Brothers in Arms, Burn Spellbooks, Renounce Religion


You were on level 1 of the Lair of Beasts.
You worshipped Trog.
Trog was extremely pleased with you.
You were not hungry.

You visited 2 branches of the dungeon, and saw 13 of its levels.
You also visited: Ossuary.

You collected 678 gold pieces.
You spent 462 gold pieces at shops.

Inventory:

Hand Weapons
 r - a +2 broad axe of electrocution
 P - a +5 broad axe of chopping (weapon)
Missiles
 F - 8 javelins of returning (quivered)
Armour
 j - a +2 cloak (worn)
 n - a +0 buckler (worn)
 o - the +1 ring mail of Evolution (worn) {rElec rC+ rN+}
   (You found it on level 7 of the Dungeon)

   It protects you from cold.
   It insulates you from electricity.
   It protects you from negative energy.
 w - a +1 pair of gloves (worn)
 G - a +2 hat (worn)
 L - a +0 pair of boots (worn)
Jewellery
 i - an uncursed ring of resist corrosion
 m - a ring of fire (left hand)
 s - an uncursed ring of resist corrosion
 D - an uncursed ring of protection from magic
 H - a +4 ring of slaying (right hand)
 M - an uncursed ring of fire
 T - an uncursed ring of protection from magic
Wands
 k - a wand of paralysis (9)
 J - a wand of iceblast (4)
 S - a wand of flame (26)
Scrolls
 a - a scroll of enchant armour
 b - 2 scrolls of enchant weapon
 e - 4 scrolls of remove curse
 g - 3 scrolls of immolation
 t - a scroll of fear
 y - 4 scrolls of identify
 B - a scroll of blinking
 E - 2 scrolls of magic mapping
 K - 3 scrolls of teleportation
 N - a scroll of acquirement
 Q - a scroll of vulnerability {unknown}
 R - a scroll of fog
Potions
 d - 3 potions of berserk rage {unknown}
 f - a potion of heal wounds {unknown}
 h - 4 potions of curing
 l - 4 potions of haste {unknown}
 p - 3 potions of resistance {unknown}
 q - a potion of lignification {unknown}
 u - 3 potions of brilliance {unknown}
 v - 3 potions of agility {unknown}
 x - 5 potions of flight {unknown}
 z - a potion of cancellation {unknown}
 A - a potion of magic {unknown}
 C - a potion of ambrosia {unknown}
 I - a potion of degeneration {unknown}
 O - 2 potions of might
Comestibles
 c - 13 rations


   Skills:
 + Level 11.1 Fighting
 * Level 14.6 Axes
 - Level 4.2 Armour
 - Level 4.0 Dodging
 * Level 13.5 Shields


You had 11 spell levels left.
You didn't know any spells.

Dungeon Overview and Level Annotations

Branches:
Dungeon (12/15)            Temple (0/1) D:6            Lair (1/6) D:9
    Orc (0/2) D:11

Altars:
Cheibriados
Elyvilon
Gozag
Hepliaklqana
Kikubaaqudgha
Ru
Trog
Xom

Shops:
D:4 (   D:5 [[}   D:6 %   D:11 [

Annotations:
D:7 1 runed door


Innate Abilities, Weirdness & Mutations

You reflexively headbutt those who attack you in melee.
You have a pair of horns on your head.


Message History

You block the rime drake's attack.
You closely miss the rime drake. Your headbutt misses the rime drake.
The rime drake is lightly wounded.
The rime drake closely misses you. You furiously retaliate!
You headbutt the rime drake. The rime drake breathes ice at you.
The flash freeze hits you!
* * * LOW HITPOINT WARNING * * *
You are encased in ice.
Blink to where?
Press: ? - help, Dir - move target cursor, p - rime drake You are very lightly contaminated with residual magic.
As you read the scroll of blinking, it crumbles to dust.
You feel yourself speed up.
Okay, then.
You feel better. The ice encasing you melts away.
The rime drake breathes ice at you. The flash freeze hits you!
You die...

###'### ##.# ### P
#...# ... .# #.#.#
####. ..#### ####.#
§...P# ###..#'###
♣...# #........# ♣..#
#........# #
...♣†###........###..#
..♣♣..>#.†......@....#
..♣..#.'))k.....#..###
Y ♣...#P...†....+.## ♣
♣..###........###
♣..## #######+## ♣♣≈
≈. ≈.. ..


You could see a rime drake.

Vanquished Creatures
  Josephine (D:11)
  The ghost of RENEGADE the Basher, a journeyman HOFi of Ru (D:10)
  A hydra (Lair:1)
  Erica (D:11)
  A two-headed ogre (D:11)
  Sonja (D:11)
  Nergalle (Lair:1)
  The ghost of inc the Blocker, a novice OpFi of Makhleb (D:8)
  Pikel (D:6)
  4 ugly things (D:11)
  Maurice (D:11)
  A gargoyle (D:10)
  A centaur skeleton (D:11)
  A troll (D:9)
  3 slime creatures (D:11)
  A hippogriff (D:11)
  5 wraiths (D:11)
  A wyvern (D:9)
  5 yaks (Lair:1)
  4 hogs (D:8)
  A human (D:8)
  Menkaure (D:7)
  A water moccasin (Lair:1)
  3 porcupines (Lair:1)
  A hornet zombie (D:8)
  2 ice beasts
  3 slaves (D:6)
  3 orc warriors
  2 phantoms (D:9)
  2 necrophages (D:6)
  5 ogres
  A centaur (D:10)
  A crocodile (D:7)
  3 big kobolds
  2 bullfrogs
  A water moccasin zombie (D:5)
  5 scorpions
  3 wights (D:9)
  A howler monkey (D:8)
  The ghost of tidbits the Grave Robber, a weakling GnNe (D:4)
  An electric eel (Lair:1)
  3 crimson imps
  2 hounds
  A quasit (D:7)
  A jelly (D:8)
  5 bullfrog zombies
  5 orc priests
  2 bullfrog skeletons
  7 orc wizards
  4 iguanas
  12 worker ants
  2 killer bee zombies
  3 hound zombies
  15 mummies (Ossuary)
  3 hound skeletons
  A howler monkey zombie (Ossuary)
  6 worker ant zombies
  3 gnolls (D:4)
  15 adders
  A howler monkey skeleton (D:9)
  2 adder zombies (Ossuary)
  2 worms
  A dart slug (D:1)
  5 leopard geckos
  21 orcs
  3 ball pythons
  5 giant cockroaches
  15 goblins
  11 hobgoblins
  4 jackals (D:1)
  3 quokkas
  9 bats
  7 frilled lizards
  24 kobolds
  2 leopard gecko zombies (Ossuary)
  A quokka skeleton (D:5)
  9 rats
294 creatures vanquished.

Vanquished Creatures (others)
  2 withered plants (Ossuary)
2 creatures vanquished.

Grand Total: 296 creatures vanquished

Notes
Turn   | Place    | Note
-------+----------+-------------------------------------------
     0 | D:1      | LairdRich the Minotaur Berserker began the quest for the Orb.
     0 | D:1      | Reached XP level 1. HP: 19/19 MP: 0/0
   255 | D:1      | Reached XP level 2. HP: 27/27 MP: 1/1
   270 | D:1      | Reached skill level 4 in Axes
   469 | D:1      | Reached XP level 3. HP: 31/33 MP: 2/2
   696 | D:1      | Reached ** piety under Trog
  1257 | D:2      | Reached XP level 4. HP: 40/40 MP: 3/3
  1419 | D:2      | Reached skill level 5 in Axes
  1425 | D:2      | Reached XP level 5. HP: 32/47 MP: 4/4
  2224 | D:3      | Reached *** piety under Trog
  2250 | D:3      | Noticed an orc warrior
  2256 | D:3      | Killed an orc warrior
  2256 | D:3      | Reached skill level 5 in Fighting
  2256 | D:3      | Reached XP level 6. HP: 33/56 MP: 5/5
  2260 | D:3      | Reached skill level 6 in Axes
  2860 | D:4      | Found a bloodstained altar of Trog.
  3180 | D:4      | Found a shimmering altar of Xom.
  3181 | D:4      | Found a sacrificial altar of Ru.
  3181 | D:4      | Found a bloodstained altar of Trog.
  3182 | D:4      | Found a white marble altar of Elyvilon.
  3182 | D:4      | Found an opulent altar of Gozag.
  3182 | D:4      | Found a hazy altar of Hepliaklqana.
  3198 | D:4      | Reached skill level 1 in Shields
  3198 | D:4      | Reached XP level 7. HP: 20/61 MP: 6/6
  3614 | D:4      | Noticed tidbits's ghost (weakling GnNe)
  3623 | D:4      | Killed tidbits's ghost
  3652 | D:4      | Found Kausomi's Antique Weapon Shop.
  3665 | D:4      | Bought a runed broad axe for 231 gold pieces
  3728 | D:4      | Reached skill level 7 in Axes
  4145 | D:5      | Entered Level 5 of the Dungeon
  4478 | D:5      | Found Ymuclock's Armour Boutique.
  4504 | D:5      | Found Tilocisk's Antique Armour Boutique.
  5119 | D:5      | Found Osagok's Gadget Emporium.
  5146 | D:5      | Reached skill level 8 in Axes
  5146 | D:5      | Reached XP level 8. HP: 70/70 MP: 7/7
  5387 | D:6      | Found a staircase to the Ecumenical Temple.
  5426 | D:6      | Noticed Pikel
  5441 | D:6      | Killed Pikel
  5441 | D:6      | Reached skill level 9 in Axes
  5677 | D:6      | Reached **** piety under Trog
  5734 | D:6      | Found Azumeava's Food Boutique.
  6322 | D:7      | Noticed Menkaure
  6331 | D:7      | Killed Menkaure
  6331 | D:7      | Reached XP level 9. HP: 43/79 MP: 8/8
  6648 | D:7      | Got a translucent ring mail
  6650 | D:7      | Found a sand-covered staircase.
  6655 | Ossuary  | Entered an ossuary
  6656 | Ossuary  | Identified the cursed +1 ring mail of Evolution {rElec rC+ rN+} (You found it on level 7 of the Dungeon)
  6736 | Ossuary  | Reached skill level 10 in Axes
  7338 | D:7      | Received a gift from Trog
  7505 | D:7      | Found a runed door.
  7545 | D:7      | Noticed a sixfirhy
  8119 | D:8      | Noticed inc's ghost (novice OpFi)
  8126 | D:8      | Killed inc's ghost
  8126 | D:8      | Reached skill level 11 in Axes
  8299 | D:8      | Reached ***** piety under Trog
  8299 | D:8      | Reached XP level 10. HP: 90/90 MP: 9/9
  8683 | D:9      | Found a staircase to the Lair.
  8723 | D:9      | Found a snail-covered altar of Cheibriados.
  8750 | D:9      | Reached skill level 10 in Shields
  8779 | D:9      | Received a gift from Trog
  8877 | D:4      | Bought a runed broad axe for 231 gold pieces
  9159 | D:9      | Reached skill level 12 in Axes
  9366 | D:10     | Entered Level 10 of the Dungeon
  9367 | D:10     | Identified 2 scrolls of acquirement
  9452 | D:10     | Noticed RENEGADE's ghost (journeyman HOFi)
  9466 | D:10     | Killed RENEGADE's ghost
  9538 | D:10     | Noticed a gargoyle
  9542 | D:10     | Killed a gargoyle
  9578 | D:10     | Found an ancient bone altar of Kikubaaqudgha.
 10044 | D:11     | Noticed a two-headed ogre
 10051 | D:11     | Noticed Sonja
 10053 | D:11     | Killed Sonja
 10054 | D:11     | Killed a two-headed ogre
 10054 | D:11     | Reached skill level 13 in Axes
 10054 | D:11     | Reached XP level 11. HP: 99/99 MP: 10/10
 10179 | D:11     | Found Kaokk's Armour Shoppe.
 10237 | D:11     | Reached skill level 10 in Fighting
 10299 | D:11     | Noticed a purple ugly thing
 10301 | D:11     | Noticed Erica
 10311 | D:11     | Killed a purple ugly thing
 10660 | D:11     | Killed Erica
 10719 | D:11     | Noticed Josephine
 10725 | D:11     | Noticed Maurice
 10739 | D:11     | Killed Josephine
 10739 | D:11     | Killed Maurice
 11165 | D:11     | Found a staircase to the Orcish Mines.
 11169 | D:11     | Reached skill level 14 in Axes
 11217 | D:11     | Noticed a green ugly thing
 11217 | D:11     | Noticed a green ugly thing
 11225 | D:11     | Killed a purple ugly thing
 11229 | D:11     | Killed a green ugly thing
 11328 | D:11     | Noticed a cyan ugly thing
 11346 | D:11     | Killed a cyan ugly thing
 11579 | Lair:1   | Entered Level 1 of the Lair of Beasts
 11667 | Lair:1   | Noticed a seven-headed hydra
 11671 | Lair:1   | Noticed Nergalle
 11685 | Lair:1   | Killed an 11-headed hydra
 11696 | Lair:1   | Killed Nergalle
 11696 | Lair:1   | Reached XP level 12. HP: 31/110 MP: 11/11
 11720 | Lair:1   | HP: 2/110 [rime drake/flash freeze (21)]
 11722 | Lair:1   | Killed from afar by a rime drake

Skill      XL: |  1  2  3  4  5  6  7  8  9 10 11 |
---------------+----------------------------------+-----
Axes           | 4 5 6 8 9 11 13 14 | 14.6
Fighting       | 4 5 6 7 8 9 11 | 11.1
Armour         | 3 4 |  4.2
Dodging        | 3 4 |  4.0
Shields        | 1 4 7 9 11 13 | 13.5

Action                   |  1- 3 |  4- 6 |  7- 9 | 10-12 || total
-------------------------+-------+-------+-------+-------++-------
Melee: Hand axe          |    90 |   140 |    13 |       ||   243
       Headbutt          |    11 |    20 |    48 |    36 ||   115
       Broad axe         |       |       |   240 |   214 ||   454
Throw: Javelin           |       |       |       |     1 ||     1
Invok: Berserk           |       |     2 |     8 |     8 ||    18
       Burn Spellbooks   |       |       |     1 |       ||     1
Evoke: Wand              |       |       |       |     4 ||     4
  Use: Scroll            |       |     7 |    13 |     6 ||    26
       Potion            |       |       |       |     1 ||     1
  Eat: Chunk             |     1 |     7 |     8 |     9 ||    25
       Ration            |       |       |     5 |     3 ||     8
Armor: Animal skin       |     6 |       |       |       ||     6
       Ring mail         |    23 |    43 |    78 |    82 ||   226
Dodge: Dodged            |    65 |    86 |   117 |    90 ||   358
Block: Buckler           |       |       |    41 |    75 ||   116
